 Dungeon Sprint DCSS version 0.26.1-2-gb8aa6d0cf2 (webtiles) character file.

Game seed: 758628105729581950

19723 Doot the Grappler (level 12, -7/132 HPs)
             Began as a Gnoll Transmuter on Mar 11, 2021.
             Was an Elder of Uskayaw.
             Mangled by a royal mummy (30 damage)
             ... in the Dungeon (Sprint V: "Ziggurat Sprint").
             The game lasted 00:07:36 (1026 turns).

Doot the Grappler (Gnoll Transmuter)                Turns: 1026, Time: 00:07:37

Health: -7/132     AC:  8    Str: 30    XL:     12   Next: 72%
Magic:  18/28      EV: 15    Int: 16    God:    Uskayaw [****..]
Gold:   0          SH:  0    Dex: 15    Spells: 29/36 levels left

rFire    . . .     SeeInvis .     - Unarmed
rCold    . . .     Faith    .   (shield currently unavailable)
rNeg     . . .     Spirit   .   (armour currently unavailable)
rPois    +         Reflect  .   (helmet currently unavailable)
rElec    .         Harm     .   (cloak currently unavailable)
rCorr    .         Rampage  .   (gloves currently unavailable)
Will     .....     NoTele   +   (boots currently unavailable)
Stlth    +++++.....             Q - amulet of regeneration
HPRegen  0.72/turn              A - +6 ring of strength
MPRegen  0.21/turn              B - +6 ring of strength

@: hydra-form, slowed, very slow
A: very large, distributed training, strong nose
a: End Transformation, Renounce Religion, Stomp, Line Pass


You were in the Dungeon.
You worshipped Uskayaw.
Uskayaw was pleased with you.
You were a five-headed hydra.
You visited 1 branch

Inventory:

Hand Weapons
 K - the +7 Singing Sword (melded) {vorpal, sonic wave}
   (You found it in the Dungeon)

   It inflicts extra damage upon your enemies.
Armour
 F - a +5 crystal plate armour
 G - +5 gold dragon scales
 I - the +15 Maxwell's patent armour {-Cast -Tele rElec Will+ rCorr}
   (You found it in the Dungeon)

   It insulates you from electricity.
   It affects your willpower, your defense against some magical effects.
   It prevents spellcasting.
   It prevents most forms of teleportation.
   It provides partial protection from all sources of acid and corrosion.
 J - the +18 shield of the Gong {rElec rN+ Will+ EV-5}
   (You found it in the Dungeon)

   It affects your evasion (-5).
   It insulates you from electricity.
   It protects you from negative energy.
   It affects your willpower, your defense against some magical effects.
 R - a +2 hat (melded)
 T - +2 pearl dragon scales (melded)
Magical Staves
 O - an uncursed staff of conjuration
Jewellery
 v - an uncursed ring of flight
 w - a +6 ring of dexterity
 x - a +6 ring of dexterity
 y - a +6 ring of intelligence
 z - a +6 ring of intelligence
 A - a +6 ring of strength (left foreclaw)
 B - a +6 ring of strength (right foreclaw)
 C - an uncursed amulet of magic regeneration
 D - an uncursed ring of fire
 M - an uncursed ring of protection from cold
 Q - an amulet of regeneration (around neck)
 Y - an uncursed ring of stealth
 Z - an uncursed ring of poison resistance
Wands
 s - a wand of disintegration (7)
 t - a wand of iceblast (7)
 u - a wand of acid (7)
Scrolls
 h - 4 scrolls of blinking
 m - 4 scrolls of amnesia
 n - 7 scrolls of fog
 o - a scroll of holy word
 p - 5 scrolls of identify
 q - 5 scrolls of remove curse
 r - 2 scrolls of fear
 L - 2 scrolls of brand weapon
 U - 4 scrolls of enchant armour
Potions
 b - 2 potions of brilliance
 c - 10 potions of curing
 d - 10 potions of heal wounds
 e - 6 potions of haste
 f - 7 potions of magic
 g - 3 potions of berserk rage
 i - 2 potions of invisibility
 j - 4 potions of resistance
 k - a potion of experience
 l - 5 potions of might
Miscellaneous
 a - a phantom mirror
 E - a phantom mirror
 N - a lightning rod (4/4)
 P - a lightning rod (4/4)
 S - a phial of floods
 V - a phantom mirror
 W - a phantom mirror
 X - a phantom mirror


   Skills:
 + Level 12.2 Fighting
 + Level 12.0 Short Blades
 + Level 12.0 Long Blades
 + Level 12.0 Axes
 + Level 12.0 Maces & Flails
 + Level 12.0 Polearms
 + Level 12.0 Staves
 + Level 12.0 Slings
 + Level 12.0 Bows
 + Level 12.0 Crossbows
 + Level 12.0 Throwing
 + Level 12.0 Armour
 + Level 12.7 Dodging
 + Level 12.0 Stealth
 + Level 12.0 Shields
 + Level 13.3 Unarmed Combat
 + Level 12.8 Spellcasting
 + Level 10.2 Conjurations
 + Level 10.2 Hexes
 + Level 10.2 Summonings
 + Level 10.2 Necromancy
 + Level 10.2 Translocations
 + Level 10.9 Transmutations
 + Level 10.2 Fire Magic
 + Level 10.2 Ice Magic
 + Level 10.2 Air Magic
 + Level 10.2 Earth Magic
 + Level 10.2 Poison Magic
 + Level 12.9 Invocations
 + Level 12.0 Evocations


You had 29 spell levels left.
You knew the following spells:

 Your Spells              Type           Power        Failure   Level
a - Beastly Appendage     Tmut           90%          1%          1
b - Hydra Form            Tmut           22%          12%         6

Your spell library contained the following spells:

 Spells                   Type           Power        Failure   Level
 Animate Skeleton         Necr           86%          1%          1
 Foxfire                  Conj/Fire      100%         1%          1
 Magic Dart               Conj           100%         1%          1
 Sandblast                Erth           86%          1%          1
 Corpse Rot               Necr/Air       N/A          1%          2
 Passwall                 Tmut/Erth      36%          1%          2
 Searing Ray              Conj           86%          1%          2
 Slow                     Hex            43%          1%          2
 Sublimation of Blood     Necr           21%          1%          2
 Wereblood                Tmut           45%          1%          2
 Confusing Touch          Hex            43%          1%          3
 Conjure Flame            Conj/Fire      43%          1%          3
 Dazzling Flash           Conj/Hex       86%          1%          3
 Gell's Gravitas          Tloc           21%          1%          3
 Inner Flame              Hex/Fire       43%          1%          3
 Portal Projectile        Hex/Tloc       86%          1%          3
 Spider Form              Tmut/Pois      22%          1%          3
 Static Discharge         Conj/Air       43%          1%          3
 Stone Arrow              Conj/Erth      86%          1%          3
 Summon Guardian Golem    Hex/Summ       43%          1%          3
 Animate Dead             Necr           21%          1%          4
 Dispel Undead            Necr           43%          1%          4
 Fulminant Prism          Conj/Hex       21%          1%          4
 Ice Form                 Ice/Tmut       44%          1%          4
 Iskenderun's Mystic Bla  Conj/Tloc      43%          1%          4
 Petrify                  Tmut/Erth      44%          1%          4
 Sticky Flame             Conj/Fire      43%          1%          4
 Blade Hands              Tmut           22%          2%          5
 Borgnjor's Vile Clutch   Necr/Erth      21%          2%          5
 Fireball                 Conj/Fire      21%          2%          5
 Lee's Rapid Deconstruct  Erth           21%          2%          5
 Lightning Bolt           Conj/Air       21%          2%          5
 Metabolic Englaciation   Hex/Ice        21%          2%          5
 Summon Forest            Summ/Tloc      21%          2%          5
 Eringya's Noxious Bog    Tmut/Pois      22%          14%         6
 Dispersal                Tloc           21%          16%         6
 Simulacrum               Ice/Necr       21%          16%         6
 Summon Hydra             Summ           21%          65%         7
 Disjunction              Tloc           21%          100%        8
 Ignition                 Fire           21%          100%        8
 Shatter                  Erth           21%          100%        9
 Tornado                  Air            21%          100%        9


Dungeon Overview and Level Annotations

Branches:
Dungeon (1/1)

Altars:
Ashenzari
Cheibriados
Dithmenos
Elyvilon
Fedhas
Gozag
Hepliaklqana
Kikubaaqudgha
Makhleb
Nemelex Xobeh
Okawaru
Qazlal
Ru
Sif Muna
Trog
Uskayaw
Vehumet
Wu Jian
Xom
Yredelemnul
Zin
The Shining One
Beogh
Jiyva
Lugonu

Annotations:
D 1 transporter


Innate Abilities, Weirdness & Mutations

Your experience applies equally to all skills.
((You have very sharp teeth.))
Your uncanny sense of smell can sniff out nearby items.


Message History

Your Stealth skill increases to level 12!
Your Shields skill increases to level 12!
Your Evocations skill increases to level 12!
Unknown command.
Unknown command.
Unknown command.
Unknown command.
Unknown command.
You chomp the royal mummy!!!
You destroy the mummy!
The royal mummy is almost destroyed.
You gouge the mummy!!
You destroy the mummy!
You barely miss the emperor scorpion.
You nip at the emperor scorpion but do no damage.
The mummy priest calls on the powers of darkness!
The emperor scorpion convulses! x2; Your body is wracked with pain!
* * * LOW HITPOINT WARNING * * *
The emperor scorpion convulses! x2; The royal mummy hits you!!
You die...

▓........▓.
▓....8©8....▓........▓.
▓..=|"?)[[..▓.▓....▓.▓.
▓...):}[=:..▓...©....▓.
▓.......M...▓▓▓▓▓▓▓▓▓▓▓
▓...........▓...8©8...▓
▓.....Ms....▓..)).}...▓
▓......sM...▓...[.|...▓
▓.MD..▓ ▓.........▓
▓▓.s.▓▓ ▓.........▓
▓..▓..s..▓..▓.........▓
▓.....©.....▓.........▓
▓▓▓▓▓▓▓▓▓▓▓▓▓.▓.....▓.▓
▓....8©8....▓....©....▓
▓..|=).)|...▓▓▓▓▓▓▓▓▓▓▓
▓...})))....▓...8©8...▓
▓...........▓.....[[..▓


You could see a royal mummy (pain bonded), 4 emperor scorpions, a mummy priest
(pain bonded) and 2 mummies.

Vanquished Creatures
  2 shadow dragons (D)
  An emperor scorpion (D)
  A vampire knight (D)
  An entropy weaver (D)
  A thrashing horror (D)
  A vampire mage (D)
  4 soul eaters (D)
  2 wolf spiders (D)
  2 necromancers (D)
  2 ugly things (D)
  6 draconians (D)
  2 deep elf magi (D)
  A cane toad (D)
  A rime drake (D)
  A komodo dragon (D)
  A kobold demonologist (D)
  A demonic crawler (D)
  A guardian mummy (D)
  A hornet (D)
  A flying skull (D)
  A redback (D)
  3 shadows (D)
  3 tarantellas (D)
  3 yaks (D)
  A basilisk (D)
  2 steam dragons (D)
  A water moccasin (D)
  A floating eye (D)
  A swamp drake (D)
  A black bear (shapeshifter) (D)
  A phantom (D)
  2 wolves (D)
  A bullfrog (D)
  2 wights (D)
  2 crimson imps (D)
  2 quasits (D)
  2 jellies (D)
  3 iguanas (D)
  4 mummies (D)
  A river rat (D)
  2 white imps (D)
  3 ufetubi (D)
  An ooze (D)
  An adder skeleton (D)
  3 adder zombies (D)
  An adder simulacrum (D)
  4 bat skeletons (D)
  A bat zombie (D)
  A jackal (D)
  A ball python zombie (D)
  A giant cockroach zombie (D)
  2 leopard gecko zombies (D)
  A quokka zombie (D)
  A lurking horror (D)
93 creatures vanquished.

Vanquished Creatures (collateral kills)
  A jumping spider (D)
  A redback (D)
2 creatures vanquished.

Vanquished Creatures (others)
  A swamp drake (D)
1 creature vanquished.

Grand Total: 96 creatures vanquished

Notes
Turn   | Place    | Note
-------+----------+-------------------------------------------
     0 | D        | Doot the Gnoll Transmuter began the quest for the Orb.
     0 | D        | Reached XP level 1. HP: 17/17 MP: 6/6
     0 | D        | Found a shimmering blue altar of Sif Muna.
     0 | D        | Found a sacrificial altar of Ru.
     0 | D        | Found a bloodstained altar of Trog.
     0 | D        | Found a stormy altar of Qazlal.
     0 | D        | Found an iron altar of Okawaru.
     0 | D        | Found a sparkling altar of Nemelex Xobeh.
     0 | D        | Found a blossoming altar of Fedhas.
     1 | D        | Found the +6 Majin-Bo {vamp, MP+6 Int+6}
     1 | D        | Found the +9 heavy crossbow "Sniper" {vorpal, Acc+∞ SInv}
     1 | D        | Found the +10 dark maul {vorpal}
     1 | D        | Found the +15 Maxwell's patent armour {-Cast -Tele rElec
                  | Will+ rCorr}
     1 | D        | Found the +18 shield of the Gong {rElec rN+ Will+ EV-5}
     1 | D        | Found the cursed +14 obsidian axe {vorpal, +Fly SInv
                  | *Curse}
     1 | D        | Found the +7 great mace "Firestarter" {inner flame, rF++}
     1 | D        | Found the +6 shillelagh "Devastator" {shatter}
     1 | D        | Found the +11 plutonium sword {*Contam Stlth-}
     1 | D        | Found the +8 lance "Wyrmbane" {slay drac, rPois rF+ rC+
                  | AC+3}
     1 | D        | Found the +9 sword of Zonguldrok {reap}
     1 | D        | Found the cursed +13 scythe of Curses {drain, *Curse}
     1 | D        | Found the +5 sword of Power {vorpal}
     1 | D        | Found the +7 mace of Variability {chain chaos}
     1 | D        | Found the +7 Singing Sword {vorpal, sonic wave}
     1 | D        | Found the +8 storm bow {elec, penet}
     2 | D        | Found a transporter.
     2 | D        | Found an ancient bone altar of Kikubaaqudgha.
     2 | D        | Found a viscous altar of Jiyva.
     2 | D        | Found a corrupted altar of Lugonu.
     2 | D        | Found a hazy altar of Hepliaklqana.
     2 | D        | Found a burning altar of Makhleb.
     2 | D        | Found an opulent altar of Gozag.
    83 | D        | Became a worshipper of Uskayaw the Reveller
    96 | D        | Entered arena 2.
    96 | D        | Noticed a deep elf mage
    96 | D        | Noticed a deep elf mage
    96 | D        | Found a transporter.
    98 | D        | Reached * piety under Uskayaw
   101 | D        | Killed a deep elf mage
   101 | D        | Reached ** piety under Uskayaw
   102 | D        | Reached skill level 5 in Fighting
   102 | D        | Reached skill level 8 in Unarmed Combat
   102 | D        | Reached skill level 5 in Transmutations
   102 | D        | Reached skill level 5 in Invocations
   102 | D        | Reached XP level 2. HP: 16/27 MP: 7/10
   102 | D        | Reached XP level 3. HP: 19/33 MP: 7/11
   102 | D        | Reached XP level 4. HP: 23/39 MP: 8/13
   102 | D        | Reached XP level 5. HP: 26/44 MP: 8/14
   102 | D        | Reached XP level 6. HP: 30/51 MP: 9/16
   102 | D        | Killed a deep elf mage
   102 | D        | Reached *** piety under Uskayaw
   103 | D        | Reached skill level 5 in Short Blades
   103 | D        | Reached skill level 5 in Long Blades
   103 | D        | Reached skill level 5 in Axes
   103 | D        | Reached skill level 5 in Maces & Flails
   103 | D        | Reached skill level 5 in Polearms
   103 | D        | Reached skill level 5 in Staves
   103 | D        | Reached skill level 5 in Slings
   103 | D        | Reached skill level 5 in Bows
   103 | D        | Reached skill level 5 in Crossbows
   103 | D        | Reached skill level 5 in Throwing
   103 | D        | Reached skill level 5 in Armour
   103 | D        | Reached skill level 5 in Stealth
   103 | D        | Reached skill level 5 in Shields
   103 | D        | Reached skill level 5 in Evocations
   103 | D        | Reached XP level 7. HP: 35/59 MP: 10/18
   229 | D        | Got the Reference Book on Enchantment
   235 | D        | Entered arena 3.
   235 | D        | Noticed a white ugly thing
   235 | D        | Noticed a white ugly thing
   235 | D        | Found a transporter.
   241 | D        | Reached skill level 9 in Unarmed Combat
   241 | D        | Reached skill level 5 in Conjurations
   241 | D        | Reached skill level 5 in Hexes
   241 | D        | Reached skill level 5 in Summonings
   241 | D        | Reached skill level 5 in Necromancy
   241 | D        | Reached skill level 5 in Translocations
   241 | D        | Reached skill level 5 in Fire Magic
   241 | D        | Reached skill level 5 in Ice Magic
   241 | D        | Reached skill level 5 in Air Magic
   241 | D        | Reached skill level 5 in Earth Magic
   241 | D        | Reached skill level 5 in Poison Magic
   241 | D        | Reached XP level 8. HP: 65/65 MP: 19/19
   242 | D        | Killed a white ugly thing
   243 | D        | Killed a red ugly thing
   243 | D        | Reached **** piety under Uskayaw
   255 | D        | Entered arena 4.
   255 | D        | Found a transporter.
   260 | D        | Reached XP level 9. HP: 73/73 MP: 21/21
   277 | D        | Entered arena 5.
   277 | D        | Found a transporter.
   298 | D        | Entered arena 6.
   298 | D        | Noticed a rime drake
   298 | D        | Found a transporter.
   302 | D        | Killed a rime drake
   303 | D        | Reached skill level 10 in Unarmed Combat
   310 | D        | Got the Almanac of Sinister Rites
   378 | D        | Entered arena 7.
   378 | D        | Noticed a draconian
   378 | D        | Noticed a draconian
   378 | D        | Noticed a draconian
   378 | D        | Noticed a draconian
   378 | D        | Noticed a draconian
   378 | D        | Noticed a draconian
   382 | D        | Found a transporter.
   387 | D        | Killed a draconian
   389 | D        | Killed a draconian
   390 | D        | Reached XP level 10. HP: 77/82 MP: 23/23
   393 | D        | Killed a draconian
   395 | D        | Killed a draconian
   396 | D        | Reached skill level 10 in Spellcasting
   396 | D        | Killed a draconian
   397 | D        | Reached skill level 10 in Dodging
   399 | D        | Reached ***** piety under Uskayaw
   401 | D        | Killed a draconian
   402 | D        | Reached skill level 11 in Unarmed Combat
   417 | D        | Entered arena 8.
   418 | D        | Found a transporter.
   429 | D        | Reached skill level 10 in Invocations
   449 | D        | Learned a level 6 spell: Hydra Form
   449 | D        | Entered arena 9.
   450 | D        | Found a transporter.
   468 | D        | Entered arena 10.
   468 | D        | Noticed a thrashing horror
   468 | D        | Noticed a kobold demonologist
   469 | D        | Found a transporter.
   472 | D        | Killed a thrashing horror
   472 | D        | Killed a kobold demonologist
   531 | D        | Entered arena 11.
   531 | D        | Noticed a cane toad
   532 | D        | Found a transporter.
   537 | D        | Reached skill level 10 in Fighting
   537 | D        | Reached XP level 11. HP: 90/90 MP: 25/25
   544 | D        | Got the Almanac of Dark Rites and the Mountains
   554 | D        | Entered arena 12.
   554 | D        | Noticed a soul eater
   554 | D        | Noticed a soul eater
   555 | D        | Noticed a soul eater
   555 | D        | Noticed a shadow dragon
   555 | D        | Noticed a soul eater
   555 | D        | Noticed a shadow dragon
   562 | D        | Killed a soul eater
   562 | D        | Killed a soul eater
   563 | D        | Reached skill level 10 in Short Blades
   563 | D        | Reached skill level 10 in Long Blades
   563 | D        | Reached skill level 10 in Axes
   563 | D        | Reached skill level 10 in Maces & Flails
   563 | D        | Reached skill level 10 in Polearms
   563 | D        | Reached skill level 10 in Staves
   563 | D        | Reached skill level 10 in Slings
   563 | D        | Reached skill level 10 in Bows
   563 | D        | Reached skill level 10 in Crossbows
   563 | D        | Reached skill level 10 in Throwing
   563 | D        | Reached skill level 10 in Armour
   563 | D        | Reached skill level 10 in Stealth
   563 | D        | Reached skill level 10 in Shields
   563 | D        | Reached skill level 10 in Evocations
   564 | D        | Killed a shadow dragon
   564 | D        | Killed a soul eater
   565 | D        | Reached skill level 12 in Unarmed Combat
   567 | D        | Killed a shadow dragon
   569 | D        | Killed a soul eater
   570 | D        | Reached skill level 10 in Transmutations
   570 | D        | Found a transporter.
   611 | D        | Entered arena 13.
   611 | D        | Noticed a vampire knight
   611 | D        | Noticed a vampire mage
   612 | D        | Identified the ring of the Unkillable {Ice rN+ Will+ Str+3
                  | Dex+4}
   612 | D        | Noticed a necromancer
   613 | D        | Identified the cursed +0 trident of Plunder {elec, rPois
                  | Will- Int+7 Dex-3}
   613 | D        | Noticed a necromancer
   614 | D        | Found a transporter.
   616 | D        | Killed a necromancer
   622 | D        | Reached XP level 12. HP: 47/100 MP: 26/28
   630 | D        | Killed a vampire mage
   634 | D        | Reached ****** piety under Uskayaw
   636 | D        | Killed a vampire knight
   772 | D        | Entered arena 14.
   773 | D        | Noticed an entropy weaver
   773 | D        | Noticed an emperor scorpion
   784 | D        | Reached skill level 13 in Unarmed Combat
   785 | D        | Killed an emperor scorpion
   786 | D        | Reached skill level 10 in Conjurations
   786 | D        | Reached skill level 10 in Hexes
   786 | D        | Reached skill level 10 in Summonings
   786 | D        | Reached skill level 10 in Necromancy
   786 | D        | Reached skill level 10 in Translocations
   786 | D        | Reached skill level 10 in Fire Magic
   786 | D        | Reached skill level 10 in Ice Magic
   786 | D        | Reached skill level 10 in Air Magic
   786 | D        | Reached skill level 10 in Earth Magic
   786 | D        | Reached skill level 10 in Poison Magic
   786 | D        | Killed an entropy weaver
   787 | D        | Found a transporter.
   976 | D        | Entered arena 15.
  1012 | D        | Noticed a royal mummy
  1013 | D        | Noticed a mummy priest
  1014 | D        | Found a transporter.
  1026 | D        | Noticed an emperor scorpion
  1026 | D        | Noticed an emperor scorpion
  1026 | D        | Noticed an emperor scorpion
  1026 | D        | Noticed an emperor scorpion
  1026 | D        | Mangled by a royal mummy

Illustrated notes

Levels and vault maps discovered:
D:        sprint_v [room_start, room_1, room_2, room_3, room_4, room_5, room_6,
          room_7, room_8, room_9, room_10, room_11, room_12, room_13, room_14,
          room_15, room_16, room_17, room_18, room_19, room_20, room_21,
          room_22, room_23, room_24, room_25, room_26, room_27]

Skill      XL: |  1  2  3  4  5  6  7  8  9 10 11 12 |
---------------+-------------------------------------+-----
Fighting       | 5 6 7 8 10 11 12 | 12.2
Short Blades   | 4 5 6 7 8 9 11 12 | 12.0
Long Blades    | 4 5 6 7 8 9 11 12 | 12.0
Axes           | 4 5 6 7 8 9 11 12 | 12.0
Maces & Flails | 4 5 6 7 8 9 11 12 | 12.0
Polearms       | 4 5 6 7 8 9 11 12 | 12.0
Staves         | 4 5 6 7 8 9 11 12 | 12.0
Slings         | 4 5 6 7 8 9 11 12 | 12.0
Bows           | 4 5 6 7 8 9 11 12 | 12.0
Crossbows      | 4 5 6 7 8 9 11 12 | 12.0
Throwing       | 4 5 6 7 8 9 11 12 | 12.0
Armour         | 4 5 6 7 8 9 11 12 | 12.0
Dodging        | 6 7 8 9 10 11 12 | 12.7
Stealth        | 4 5 6 7 8 9 11 12 | 12.0
Shields        | 4 5 6 7 8 9 11 12 | 12.0
Unarmed Combat | 8 9 10 11 12 13 | 13.3
Spellcasting   | 7 8 9 10 12 | 12.8
Conjurations   | 4 5 6 8 9 10 | 10.2
Hexes          | 4 5 6 8 9 10 | 10.2
Summonings     | 4 5 6 8 9 10 | 10.2
Necromancy     | 4 5 6 8 9 10 | 10.2
Translocations | 4 5 6 8 9 10 | 10.2
Transmutations | 5 6 7 8 9 10 | 10.9
Fire Magic     | 4 5 6 8 9 10 | 10.2
Ice Magic      | 4 5 6 8 9 10 | 10.2
Air Magic      | 4 5 6 8 9 10 | 10.2
Earth Magic    | 4 5 6 8 9 10 | 10.2
Poison Magic   | 4 5 6 8 9 10 | 10.2
Invocations    | 5 6 7 9 10 11 12 | 12.9
Evocations     | 4 5 6 7 8 9 11 12 | 12.0

Action                   |  1- 3 |  4- 6 |  7- 9 | 10-12 || total
-------------------------+-------+-------+-------+-------++-------
Melee: Double sword      |     4 |     1 |    26 |    83 ||   114
       Bite              |     1 |       |     2 |    16 ||    19
       Unarmed           |       |       |       |    10 ||    10
 Cast: Hydra Form        |       |       |       |     1 ||     1
Evoke: Phantom mirror    |       |       |       |     1 ||     1
 Stab: Paralysed         |       |       |     3 |    20 ||    23
Armor: Plate armour      |     2 |       |    10 |    62 ||    74
       Skin              |       |       |       |     2 ||     2
Dodge: Dodged            |       |       |     6 |    46 ||    52
Block: Kite shield       |     6 |       |    30 |   132 ||   168
       Rpst.: Double sword |       |       |       |     6 ||     6
